MWL (24 & UNDER)
PLUMSTEAD EAGLES @ ERIE JAXX
04/21/2024
 
TOP OF THE 1ST
Plumstead Eagles batting - Pitching for Erie Jaxx : RHP Ricardo Marino
Pitching: RHP Ricardo Marino
Batting: RHB Norogumi Tanaka 0-0: Called Strike
0-1: Ball
1-1: Ball
2-1: Foul Ball, location: 2F
2-2: Ball
3-2: Strikes out looking
Batting: RHB Hubert Brown 0-0: Foul Ball, location: 2F
0-1: Called Strike
0-2: Strikes out looking
Batting: RHB Germano Labrego 0-0: Fly out, F5 (Popup, 5SF)
Top of the 1st over - 0 run(s), 0 hit(s), 0 error(s), 0 left on base; Plumstead 0 - Erie 0
BOTTOM OF THE 1ST
Erie Jaxx batting - Pitching for Plumstead Eagles : RHP Coy Torres
Pitching: RHP Coy Torres
Batting: RHB Richard Bankhead 0-0: Ball
1-0: Called Strike
1-1: Foul Ball, location: 2F
1-2: SOLO HOME RUN (Flyball, 7D), Distance : 350 ft
Batting: RHB Bo Vickers 0-0: Called Strike
0-1: Foul Ball, location: 2F
0-2: Ball
1-2: Ball
2-2: Ball
3-2: Foul Ball, location: 2F
3-2: Base on Balls
Batting: LHB Mark Everett 0-0: Ball
1-0: Fielders Choice at 2nd, 6-4 (Groundball, 6M)
Batting: LHB Jesús González 0-0: Called Strike
0-1: Fly out, F9 (Flyball, 89D)
Batting: RHB Luis Alou 0-0: Ball
1-0: Called Strike
1-1: Ground out 5-3 (Groundball, 56)
Bottom of the 1st over - 1 run(s), 1 hit(s), 0 error(s), 1 left on base; Plumstead 0 - Erie 1
TOP OF THE 2ND
Plumstead Eagles batting - Pitching for Erie Jaxx : RHP Ricardo Marino
Batting: RHB J.J. Leslie 0-0: Called Strike
0-1: Ball
1-1: Ball
2-1: SOLO HOME RUN (Flyball, 78XD), Distance : 399 ft
Batting: RHB Howard Johnson 0-0: Ball
1-0: Foul Ball, location: 2F
1-1: Ball
2-1: Ball
3-1: Foul Ball, location: 2F
3-2: Foul Ball, location: 2F
3-2: Strikes out swinging
Batting: LHB Miguel Colón 0-0: Swinging Strike
0-1: Swinging Strike
0-2: Ball
1-2: Ball
2-2: Ball
3-2: Base on Balls
Batting: RHB Ethan Moore 0-0: 2-RUN HOME RUN (Flyball, 7D), Distance : 351 ft
Batting: RHB Pablo Villarreal 0-0: Ball
1-0: Called Strike
1-1: Called Strike
1-2: Ball
2-2: Strikes out looking
Batting: RHB Jaime Rodríguez 0-0: Ground out 6-3 (Groundball, 6)
Top of the 2nd over - 3 run(s), 2 hit(s), 0 error(s), 0 left on base; Plumstead 3 - Erie 1
BOTTOM OF THE 2ND
Erie Jaxx batting - Pitching for Plumstead Eagles : RHP Coy Torres
Batting: SHB Tomás Escobar 0-0: Ball
1-0: Foul Ball, location: 2F
1-1: Ground out 4-3 (Groundball, 4)
Batting: RHB Luis Ramos 0-0: Called Strike
0-1: Called Strike
0-2: SINGLE (Groundball, 56D)
Batting: RHB Raúl Bruno 0-0: Ball
1-0: Ball
2-0: Called Strike
2-1: Ball
3-1: Base on Balls
Luis Ramos to second
Batting: RHB Raúl Ruíz 0-0: Ball
1-0: Ball
2-0: Grounds into double play, 4-6-3 (Groundball, 4M)
Bottom of the 2nd over - 0 run(s), 1 hit(s), 0 error(s), 1 left on base; Plumstead 3 - Erie 1
TOP OF THE 3RD
Plumstead Eagles batting - Pitching for Erie Jaxx : RHP Ricardo Marino
Batting: RHB Norogumi Tanaka 0-0: Called Strike
0-1: Ball
1-1: Ball
2-1: Swinging Strike
2-2: Ball
3-2: Strikes out swinging
Batting: RHB Hubert Brown 0-0: Called Strike
0-1: Swinging Strike
0-2: Foul Ball, location: 2F
0-2: Ball
1-2: Ball
2-2: Strikes out swinging
Batting: RHB Germano Labrego 0-0: Ground out 6-3 (Groundball, 6)
Top of the 3rd over - 0 run(s), 0 hit(s), 0 error(s), 0 left on base; Plumstead 3 - Erie 1
BOTTOM OF THE 3RD
Erie Jaxx batting - Pitching for Plumstead Eagles : RHP Coy Torres
Batting: RHB Richard Bankhead 0-0: Ball
1-0: Ball
2-0: Ball
3-0: Base on Balls
Batting: RHB Bo Vickers 0-0: Called Strike
0-1: Ball
1-1: Ball
2-1: Ball
3-1: Ground out 1-3 (Groundball, 56S)
Richard Bankhead to second
Batting: LHB Mark Everett 0-0: Called Strike
Richard Bankhead steals 3rd base
0-1: Swinging Strike
0-2: SINGLE (Groundball, 6MD)
Richard Bankhead scores
Batting: LHB Jesús González 0-0: Called Strike
0-1: Fly out, F5 (Line Drive, 56S)
Batting: RHB Luis Alou 0-0: SINGLE (Groundball, 56D)
Mark Everett to second
Batting: SHB Tomás Escobar 0-0: Called Strike
0-1: Swinging Strike
0-2: Fly out, F9 (Flyball, 89M)
Bottom of the 3rd over - 1 run(s), 2 hit(s), 0 error(s), 2 left on base; Plumstead 3 - Erie 2
TOP OF THE 4TH
Plumstead Eagles batting - Pitching for Erie Jaxx : RHP Ricardo Marino
Batting: RHB J.J. Leslie 0-0: Foul Ball, location: 2F
0-1: Foul Ball, location: 2F
0-2: Strikes out swinging passed ball, reaches first!
Batting: RHB Howard Johnson 0-0: Foul Ball, location: 2F
0-1: Ball
1-1: Foul Ball, location: 2F
1-2: Fly out, F8 (Flyball, 8RM)
Batting: LHB Miguel Colón 0-0: DOUBLE (Flyball, 7M)
J.J. Leslie to third
Batting: RHB Ethan Moore 0-0: Ball
1-0: Ball
Wild Pitch!
J.J. Leslie scores
Miguel Colón to third
2-0: Swinging Strike
2-1: Called Strike
2-2: Strikes out swinging
Batting: RHB Pablo Villarreal 0-0: Called Strike
0-1: Ball
1-1: Swinging Strike
1-2: Ball
2-2: Foul Ball, location: 2F
2-2: Ball
3-2: Foul Ball, location: 2F
3-2: Foul Ball, location: 2F
3-2: Strikes out swinging
Top of the 4th over - 1 run(s), 1 hit(s), 0 error(s), 1 left on base; Plumstead 4 - Erie 2
BOTTOM OF THE 4TH
Erie Jaxx batting - Pitching for Plumstead Eagles : RHP Coy Torres
Batting: RHB Luis Ramos 0-0: Fly out, F2 (Popup, 2RF)
Batting: RHB Raúl Bruno 0-0: Called Strike
0-1: Ball
1-1: Ground out 4-3 (Groundball, 34D)
Batting: RHB Raúl Ruíz 0-0: Swinging Strike
0-1: Called Strike
0-2: Foul Ball, location: 2F
0-2: Foul Ball, location: 2F
0-2: Foul Ball, location: 2F
0-2: Strikes out swinging
Bottom of the 4th over - 0 run(s), 0 hit(s), 0 error(s), 0 left on base; Plumstead 4 - Erie 2
TOP OF THE 5TH
Plumstead Eagles batting - Pitching for Erie Jaxx : RHP Ricardo Marino
Batting: RHB Jaime Rodríguez 0-0: Ball
1-0: Swinging Strike
1-1: Hit by Pitch
Batting: RHB Norogumi Tanaka 0-0: Called Strike
0-1: Ball
1-1: Called Strike
1-2: Fly out, F8 (Flyball, 89D)
Batting: RHB Hubert Brown 0-0: Ball
1-0: Fly out, F7 (Flyball, 7M)
Batting: RHB Germano Labrego 0-0: Ball
1-0: Called Strike
1-1: Ball
2-1: Foul Ball, location: 2F
2-2: Foul Ball, location: 2F
2-2: Fly out, F7 (Popup, 7S)
Top of the 5th over - 0 run(s), 0 hit(s), 0 error(s), 1 left on base; Plumstead 4 - Erie 2
BOTTOM OF THE 5TH
Erie Jaxx batting - Pitching for Plumstead Eagles : RHP Coy Torres
Batting: RHB Richard Bankhead 0-0: Called Strike
0-1: Ball
1-1: Ball
2-1: Ground out 4-3 (Groundball, 4M)
Batting: RHB Bo Vickers 0-0: Ground out 1-3 (Groundball, 13)
Batting: LHB Mark Everett 0-0: Ball
1-0: SINGLE (Flyball, 7S)
Batting: LHB Jesús González 0-0: Ball
1-0: Foul Ball, location: 2F
1-1: Foul Ball, location: 2F
1-2: DOUBLE (Line Drive, 9D)
Mark Everett to third
Runner from 3rd tries for Home, SAFE, no throw or cutoff
Batting: RHB Luis Alou 0-0: Called Strike
0-1: Ground out 6-3 (Groundball, 6M)
Bottom of the 5th over - 1 run(s), 2 hit(s), 0 error(s), 1 left on base; Plumstead 4 - Erie 3
TOP OF THE 6TH
Plumstead Eagles batting - Pitching for Erie Jaxx : RHP Ricardo Marino
Batting: RHB J.J. Leslie 0-0: SINGLE (Line Drive, 89S)
Pitching: RHP Cliff Erwin
Batting: RHB Howard Johnson 0-0: Ball
1-0: Fly out, F2 (Popup, 2LF)
Batting: LHB Miguel Colón 0-0: Swinging Strike
0-1: Ball
1-1: Ball
Wild Pitch!
J.J. Leslie to second
2-1: Intentional Walk
Batting: RHB Ethan Moore 0-0: Ball
1-0: Fly out, F9 (Flyball, 89S)
Batting: RHB Pablo Villarreal 0-0: Called Strike
0-1: Ball
1-1: Called Strike
1-2: Ball
2-2: Fly out, F9 (Flyball, 89M)
Top of the 6th over - 0 run(s), 1 hit(s), 0 error(s), 2 left on base; Plumstead 4 - Erie 3
BOTTOM OF THE 6TH
Erie Jaxx batting - Pitching for Plumstead Eagles : RHP Coy Torres
Batting: SHB Tomás Escobar 0-0: Called Strike
0-1: Ball
1-1: Ball
2-1: Foul Ball, location: 2F
2-2: Strikes out swinging
Batting: RHB Luis Ramos 0-0: Foul Ball, location: 2F
0-1: Ground out 1-3 (Groundball, 15)
Batting: RHB Raúl Bruno 0-0: Swinging Strike
0-1: Ball
1-1: Called Strike
1-2: SINGLE (Groundball, 34D)
Batting: RHB Raúl Ruíz 0-0: Called Strike
0-1: Ball
1-1: Called Strike
1-2: SINGLE (Groundball, 56D)
Raúl Bruno to second
Batting: RHB Richard Bankhead 0-0: Ball
1-0: Foul Ball, location: 2F
1-1: Called Strike
1-2: Fly out, F7 (Popup, 7LS)
Bottom of the 6th over - 0 run(s), 2 hit(s), 0 error(s), 2 left on base; Plumstead 4 - Erie 3
TOP OF THE 7TH
Plumstead Eagles batting - Pitching for Erie Jaxx : RHP Cliff Erwin
Batting: RHB Jaime Rodríguez 0-0: Ball
1-0: Fly out, F7 (Flyball, 78M)
Batting: RHB Norogumi Tanaka 0-0: Ground out 6-3 (Groundball, 6)
Batting: RHB Hubert Brown 0-0: Ball
1-0: Ground out 5-3 (Groundball, 56)
Top of the 7th over - 0 run(s), 0 hit(s), 0 error(s), 0 left on base; Plumstead 4 - Erie 3
BOTTOM OF THE 7TH
Erie Jaxx batting - Pitching for Plumstead Eagles : RHP Coy Torres
Batting: RHB Bo Vickers 0-0: Ball
1-0: Called Strike
1-1: Called Strike
1-2: Ball
2-2: Strikes out looking
Batting: LHB Mark Everett 0-0: Ground out 4-3 (Groundball, 4)
Batting: LHB Jesús González 0-0: Swinging Strike
0-1: Ball
1-1: Foul Ball, location: 2F
1-2: Ball
2-2: SINGLE (Groundball, 4MD)
Batting: RHB Luis Alou 0-0: Ball
1-0: Swinging Strike
1-1: Fly out, F8 (Flyball, 8RS)
Bottom of the 7th over - 0 run(s), 1 hit(s), 0 error(s), 1 left on base; Plumstead 4 - Erie 3
TOP OF THE 8TH
Plumstead Eagles batting - Pitching for Erie Jaxx : RHP Cliff Erwin
Pitching: LHP Luis Torres
Batting: RHB Germano Labrego 0-0: Ball
1-0: Ball
2-0: Ball
3-0: Fly out, F9 (Flyball, 9D)
Batting: RHB J.J. Leslie 0-0: Ball
1-0: Called Strike
1-1: Ball
2-1: Ball
3-1: Foul Ball, location: 2F
3-2: Base on Balls
Pinch Runner at 1st Joe Land:
Pinch Hitting: LHB Eduardo Rodríguez 0-0: Ball
1-0: Ball
2-0: Called Strike
2-1: Fly out, F7 (Line Drive, 8LM)
Pinch Hitting: RHB Juan Caceres 0-0: Called Strike
Joe Land steals 2nd base
0-1: Foul Ball, location: 2F
0-2: Strikes out looking
Top of the 8th over - 0 run(s), 0 hit(s), 0 error(s), 1 left on base; Plumstead 4 - Erie 3
BOTTOM OF THE 8TH
Erie Jaxx batting - Pitching for Plumstead Eagles : RHP Coy Torres
Now in LF: Eduardo Rodríguez
Now in CF: Juan Caceres
Batting: SHB Tomás Escobar 0-0: Called Strike
0-1: Ball
1-1: Called Strike
1-2: Ball
2-2: Ball
3-2: Ground out 4-3 (Groundball, 4M)
Batting: RHB Luis Ramos 0-0: Ground out 4-3 (Groundball, 4)
Batting: RHB Raúl Bruno 0-0: Ball
1-0: SINGLE (Groundball, 3S)
Batting: RHB Raúl Ruíz 0-0: Ball
1-0: Ball
2-0: Ball
3-0: Called Strike
3-1: SINGLE (Line Drive, 89S)
Raúl Bruno to second
Batting: RHB Richard Bankhead 0-0: Called Strike
0-1: Ball
1-1: Ball
2-1: Foul Ball, location: 2F
2-2: SINGLE (Groundball, 5L)
Raúl Bruno to third
Raúl Ruíz to second
Runner from 3rd tries for Home, SAFE, throw made at trailing runner, OUT at third!
Bottom of the 8th over - 1 run(s), 3 hit(s), 0 error(s), 1 left on base; Plumstead 4 - Erie 4
TOP OF THE 9TH
Plumstead Eagles batting - Pitching for Erie Jaxx : LHP Luis Torres
Pitching: RHP Barry Garner
Pinch Hitting: LHB António Salazar 0-0: SINGLE (Line Drive, 6M)
Batting: RHB Pablo Villarreal 0-0: Bunted foul
0-1: Sac Bunt - play at first, batter OUT! 1-4
António Salazar to second
Pinch Hitting: RHB Donald Sanford 0-0: Swinging Strike
0-1: Ball
António Salazar steals 3rd base
1-1: Ball
2-1: Ball
3-1: Base on Balls
Batting: RHB Norogumi Tanaka 0-0: Called Strike
0-1: Ball
1-1: Ball
2-1: DOUBLE (Groundball, 5L)
António Salazar scores
Donald Sanford to third
Batting: RHB Hubert Brown 0-0: SINGLE (Groundball, 56)
Donald Sanford scores
Norogumi Tanaka to third
Runner from 3rd tries for Home, SAFE, no throw or cutoff
Pitching: RHP Ronald Cotton
Batting: RHB Germano Labrego 0-0: Ball
1-0: Swinging Strike
1-1: Ball
2-1: Ball
3-1: Base on Balls
Hubert Brown to second
Batting: RHB Joe Land 0-0: Ball
1-0: Ball
2-0: Ball
3-0: Called Strike
3-1: Foul Ball, location: 2F
3-2: Fly out, F8 (Flyball, 8RM)
Batting: LHB Eduardo Rodríguez 0-0: Swinging Strike
0-1: Swinging Strike
0-2: Ball
1-2: Ball
2-2: Strikes out swinging
Top of the 9th over - 3 run(s), 3 hit(s), 0 error(s), 2 left on base; Plumstead 7 - Erie 4
BOTTOM OF THE 9TH
Erie Jaxx batting - Pitching for Plumstead Eagles : RHP Coy Torres
Pitching: RHP Iván Márquez
Now at C: Louis Smith
Now at 3B: Donald Sanford
Batting: RHB Bo Vickers 0-0: Called Strike
0-1: Ball
1-1: Ball
2-1: Swinging Strike
2-2: DOUBLE (Flyball, 89XD)
Batting: LHB Mark Everett 0-0: Called Strike
0-1: Called Strike
0-2: Ball
1-2: Strikes out swinging
Batting: LHB Jesús González 0-0: Ball
1-0: Foul Ball, location: 2F
1-1: Called Strike
1-2: Ball
2-2: Strikes out looking
Batting: RHB Luis Alou 0-0: Ball
1-0: Ball
2-0: Foul Ball, location: 2F
2-1: Foul Ball, location: 2F
2-2: Foul Ball, location: 2F
2-2: Ball
3-2: SINGLE (Groundball, 56D)
Bo Vickers to third
Bo Vickers scores
Pinch Hitting: RHB Juan Reyes 0-0: Swinging Strike
0-1: Reached on error, E6 (Groundball, 56)
Luis Alou to second
Batting: RHB Luis Ramos 0-0: Ball
1-0: Ball
2-0: Called Strike
2-1: Called Strike
2-2: Strikes out looking
Bottom of the 9th over - 1 run(s), 2 hit(s), 1 error(s), 2 left on base; Plumstead 7 - Erie 5
This league is powered by Out of the Park Baseball, the baseball management simulation game for PC, Mac and Linux
Saturday, April 9th, 2016 - OOTP Baseball 16.8 Build 38